[Event "45th FIDE Olympiad 2024"]
[Site "Budapest"]
[Date "2024.09.13"]
[Round "3.44"]
[White "Bologan, Victor"]
[Black "Muradli, Mahammad"]
[Result "1/2-1/2"]
[ECO "B52"]
[WhiteElo "2598"]
[BlackElo "2576"]
[Annotator "RC"]
[PlyCount "84"]
[EventDate "2024.09.05"]
[EventType "team-tourn"]
[EventCountry "HUN"]
[SourceTitle "playchess.com"]
[Source "ChessBase"]
[SourceQuality "1"]
[WhiteTeam "Moldova"]
[BlackTeam "Azerbaijan"]
[WhiteTeamCountry "MDA"]
[BlackTeamCountry "AZE"]
[TimeControl "40/5400+30:1800+30"]

1. e4 c5 2. Nf3 d6 3. Bb5+ Bd7 4. c4 Nf6 5. Nc3 g6 6. Bxd7+ Qxd7 7. d4 cxd4 8. Qxd4 Bg7 9. O-O Nc6 10. Qd3 Ng4 11. Bd2 Nge5 12. Nxe5 dxe5 13. Qxd7+ Kxd7 14. Rad1 Nd4 15. f4 Rhc8 16. b3 exf4 17. Bxf4 Ke8 18. e5 Ne6 19. Bg3 Rc5 20. Nd5 Rac8 21. a4 R5c6 22. Rd3 Nd8 23. Rfd1 Ne6 24. Bh4 g5 25. Bg3 h6 26. Rf1 Nd8 27. h4 Re6 28. hxg5 hxg5 29. Rf5 Rg6 30. Nc3 Nc6 31. Ne4 g4 32. a5 Rd8 33. Rxd8+ Nxd8 34. Nc5 Bh6 35. Kf2 Rc6 36. Nd3 Ne6 37. Rh5 Bd2 38. Rh8+ Kd7 39. Rb8 Kc7 40. Re8 Kd7 41. Rb8 Kc7 42. Rg8 Kd7 1/2-1/2

[Event "45th FIDE Olympiad 2024"]
[Site "Budapest"]
[Date "2024.09.13"]
[Round "3.44"]
[White "Al-Kuwari, Turki"]
[Black "Shaker, Musab"]
[Result "1-0"]
[ECO "C42"]
[WhiteElo "1577"]
[BlackElo "1757"]
[Annotator "NA"]
[PlyCount "55"]
[EventDate "2024.09.05"]
[EventType "team-tourn"]
[EventCountry "HUN"]
[SourceTitle "playchess.com"]
[Source "ChessBase"]
[SourceQuality "1"]
[WhiteTeam "Qatar"]
[BlackTeam "Bahrain"]
[WhiteTeamCountry "QAT"]
[BlackTeamCountry "BHN"]
[TimeControl "40/5400+30:1800+30"]

1. e4 e5 2. Nf3 Nf6 3. Nxe5 d6 4. Nf3 Nxe4 5. Nc3 Nxc3 6. dxc3 Be7 7. Be3 O-O 8. Qd2 c6 9. O-O-O d5 10. h4 Nd7 11. h5 Nc5 12. Nd4 Qa5 13. Kb1 Ne4 14. Qe1 Re8 15. f3 Nd6 16. Qg3 Nf5 17. Nxf5 Bxf5 18. Bd4 Bf8 19. Bxg7 Bxg7 20. h6 Bg6 21. hxg7 Kxg7 22. Bd3 Re6 23. f4 Qc7 24. Qg5 f5 25. Bxf5 Rf6 26. Rxh7+ Kxh7 27. Qxf6 Qg7 28. Rh1+ 1-0

[Event "45th FIDE Olympiad 2024"]
[Site "Budapest"]
[Date "2024.09.13"]
[Round "3.45"]
[White "Albornoz Cabrera, Carlos Daniel"]
[Black "Shirov, Alexei"]
[Result "1-0"]
[ECO "C07"]
[WhiteElo "2579"]
[BlackElo "2666"]
[Annotator "TA"]
[PlyCount "69"]
[EventDate "2024.09.05"]
[EventType "team-tourn"]
[EventCountry "HUN"]
[SourceTitle "playchess.com"]
[Source "ChessBase"]
[SourceQuality "1"]
[WhiteTeam "Cuba"]
[BlackTeam "Spain"]
[WhiteTeamCountry "CUB"]
[BlackTeamCountry "ESP"]
[TimeControl "40/5400+30:1800+30"]

1. e4 e6 2. d4 d5 3. Nd2 c5 4. Ngf3 cxd4 5. exd5 Qxd5 6. Bc4 Qd7 7. O-O Nc6 8. Nb3 a6 {[%emt 0:00:13] The position is equal.} 9. Nbxd4 (9. Nfxd4 {simplifies} Nxd4 10. Qxd4 Qxd4 11. Nxd4 Nf6 12. Bf4) 9... Nxd4 10. Nxd4 (10. Qxd4 {simplifies} Qxd4 11. Nxd4 Nf6 12. Rd1) 10... Qc7 {[%emt 0:00:08] Dodges Bf4} 11. Qe2 Bd6 12. Nf5 Bxh2+ 13. Kh1 Qe5 {[%emt 0:05:36] [#]} 14. Nxg7+ $1 Qxg7 15. Kxh2 Ne7 {[%emt 0:09:52] Dodges Bd5} 16. Rd1 Bd7 17. Rd3 $1 Nf5 {[%emt 0:29:49] Repels Rg3} (17... Bc6 $14 18. Rg3 Qd4) 18. Bd5 $1 $16 Nd4 19. Qe4 f5 {[%emt 0:00:57] [#]} (19... Nc6 $142) 20. Qxd4 (20. Qh4 $1 $18 Qg4 21. Qxg4 (21. Rxd4 Qxh4+ 22. Rxh4 exd5 $16) 21... fxg4 22. Bxb7) 20... Qxd4 21. Rxd4 exd5 22. Rxd5 Be6 23. Rd6 Kf7 24. Bg5 Rhg8 25. Re1 Rae8 26. f4 Bxa2 (26... h6 $142 27. Bh4 (27. Bxh6 $2 Rh8 $19) 27... Bxa2) 27. Rd7+ Kg6 28. Be7 Rc8 {[%emt 0:07:12] [#]} (28... h6 $16 {was called for.}) 29. Re3 (29. Rxb7 Rxc2 30. b3 h6 $14) (29. b3 $1 $18 {Threatens to win with Bd6.} Rg7 30. Rxb7) 29... h6 (29... Rxc2 $2 30. Rg3+ (30. Rxb7 Rxg2+ 31. Kxg2 Bd5+ 32. Kf2 Bxb7 $11) 30... Kf7 31. Bh4+ (31. Rxb7 Bd5 $11) 31... Ke6 32. Rgd3 Rgxg2+ 33. Kh3 Rh2+ (33... Rxb2 34. Re7#) 34. Kg3 Rcg2+ (34... Rhg2+ $2 35. Kf3 $18) 35. Kf3 Rh3+ 36. Kxg2 $18) 30. Bb4 $36 {[%emt 0:07:31][%mdl 2048] Black must now prevent Bc3. White is really pushing.} (30. Rxb7 Rxc2 31. Rd7 Rg7 $11) 30... Rcd8 (30... Rxc2 $2 {too greedy.} 31. b3 (31. Rxb7 Rxg2+ 32. Kxg2 Bd5+ 33. Kh2 Bxb7 $11) 31... Bxb3 32. Rxb3 $18) 31. Rde7 {[%emt 0:04:44][%cal Ob4c3] White has more active pieces.} Bd5 (31... Rd4 $16 32. Rg3+ (32. Rxb7 Rxf4 33. Rb6+ Kh7 $16) 32... Kf6 33. Rxb7 Rxg3 34. Kxg3 Kg6 35. Rb6+ Kh7) 32. Bc3 $18 Be4 33. g4 {[%emt 0:05:39] aiming for Re6+.} Rde8 $2 (33... b5 {might work better.} 34. Re6+ Kh7) 34. gxf5+ Kxf5 35. R3xe4 {[%emt 0:00:06] Weighted Error Value: White=0.14 (very precise) /Black=0.33.  Mistake:       	White=2     	Black=6      Inaccurate:     	White=1     	Black=1      OK:         	White=8     	Black=9      Best:        	White=5     	Black=3      Strong:       	White=2     	---} 1-0

[Event "45th FIDE Olympiad 2024"]
[Site "Budapest"]
[Date "2024.09.13"]
[Round "3.45"]
[White "Misambo, .J. Kilasa"]
[Black "Mompel Ferruz, Xavier"]
[Result "1/2-1/2"]
[ECO "D50"]
[WhiteElo "1959"]
[BlackElo "2273"]
[Annotator "RC"]
[PlyCount "82"]
[EventDate "2024.09.05"]
[EventType "team-tourn"]
[EventCountry "HUN"]
[SourceTitle "playchess.com"]
[Source "ChessBase"]
[SourceQuality "1"]
[WhiteTeam "Tanzania"]
[BlackTeam "Equatorial Guinea"]
[WhiteTeamCountry "TAN"]
[TimeControl "40/5400+30:1800+30"]

1. d4 d5 2. c4 e6 3. Nc3 Nf6 4. Bg5 dxc4 5. e3 c5 6. dxc5 Nbd7 7. c6 bxc6 8. Bxc4 Qa5 9. Bxf6 Nxf6 10. Nge2 Be7 11. O-O O-O 12. Qc2 c5 13. Rad1 Bb7 14. Rd2 Bc6 15. Rfd1 Qc7 16. b3 Ng4 17. Ng3 h5 18. Nf1 Ne5 19. Be2 g6 20. h3 Qb7 21. f4 Nd7 22. e4 Nb6 23. Ne3 Rad8 24. Bb5 Rc8 25. Bxc6 Qxc6 26. Nc4 Nxc4 27. bxc4 f5 28. Rd7 Rc7 29. Rxc7 Qxc7 30. e5 g5 31. Nb5 Qc6 32. Nxa7 Qb7 33. Nb5 gxf4 34. Qe2 Qe4 35. Qxh5 Rf7 36. Nd6 Bxd6 37. Rxd6 Qe1+ 38. Kh2 Qg3+ 39. Kg1 Qe1+ 40. Kh2 Qg3+ 41. Kg1 Qe1+ 1/2-1/2

[Event "45th FIDE Olympiad 2024"]
[Site "Budapest"]
[Date "2024.09.13"]
[Round "3.46"]
[White "Anton Guijarro, David"]
[Black "Quesada Perez, Luis Ernesto"]
[Result "1-0"]
[ECO "C63"]
[WhiteElo "2665"]
[BlackElo "2578"]
[Annotator "TA"]
[PlyCount "61"]
[EventDate "2024.09.05"]
[EventType "team-tourn"]
[EventCountry "HUN"]
[SourceTitle "playchess.com"]
[Source "ChessBase"]
[SourceQuality "1"]
[WhiteTeam "Spain"]
[BlackTeam "Cuba"]
[WhiteTeamCountry "ESP"]
[BlackTeamCountry "CUB"]
[TimeControl "40/5400+30:1800+30"]

1. e4 e5 2. Nf3 Nc6 3. Bb5 f5 4. d3 fxe4 5. dxe4 Nf6 6. O-O d6 7. Nc3 Be7 8. Be3 a6 9. Bc4 {[%emt 0:07:43] Strongly threatening Ng5.} Na5 10. Bd3 {[%emt 0:01:10] The position is equal.} O-O 11. Nd5 Nc6 12. h3 Nxd5 (12... Bd7 $11 {remains equal.}) 13. exd5 $16 Nb8 14. a4 a5 15. Ra3 {[%emt 0:09:08][%cal Of3e5,Ba1a3,Ba3c3,Bc3c7][%mdl 32] Black should prevent Nxe5!} Qe8 (15... Nd7 $11 {deserves consideration.}) 16. Rc3 $1 $14 Bd8 17. Ng5 {[%emt 0:02:47] White is more active.} Bxg5 18. Bxg5 Na6 19. Bb5 {[%emt 0:04:36] This pair of bishops is nice.} Bd7 20. Bxa6 Rxa6 {[%emt 0:00:02] Black is weak on the dark squares} 21. Rxc7 Bf5 {[%emt 0:00:46] [#]} (21... Bxa4 $16 22. f4 (22. Rxb7 Qg6 $16) 22... Bd7) 22. Kh2 (22. Rxb7 Qg6 $16) (22. f4 $1 $18 {[%cal Rf4e5] Black must now prevent fxe5.} e4 23. Qd4 (23. Rxb7 Qc8 $18)) 22... Qxa4 $2 {[%emt 0:08:17] [#] Loses the game.} (22... h6 $16 23. Bc1 (23. Be7 $2 Rf7 $19) 23... Rb6 (23... Qxa4 24. f4 $16)) 23. f4 $1 $18 (23. Rxb7 Qc4 $16) 23... Raa8 (23... Qe8 $142 24. c4 (24. Rxb7 h6 $18) 24... Rb6) 24. fxe5 {[%emt 0:01:36] White is clearly winning.} (24. Rxb7 h6 $18) 24... dxe5 25. d6 {[%emt 0:00:50] Qd5+ would kill now.} ({Weaker is} 25. Rxb7 Qxc2 26. Qxc2 Bxc2 27. Rxf8+ Kxf8 28. Be7+ Ke8 $18) 25... h6 (25... Qd4 $142 26. d7 (26. Rxb7 Qxd1 27. Rxd1 h6 $18) 26... Bxd7 27. Rxd7 Rxf1 28. Rxd4 Rxd1 29. Rxd1 b5 30. Rd8+ Rxd8) 26. Qd5+ Kh7 27. Qxe5 Bd7 28. b3 Qb5 29. Qxb5 Bxb5 30. Rxf8 Rxf8 31. Be7 {[%emt 0:00:23] Weighted Error Value: White=0.13 (very precise) /Black=0.40.  Loses game:     	---       	Black=1      Mistake:       	White=1     	Black=5      OK:         	White=5     	Black=8      Best:        	White=3     	Black=1      Strong:       	White=2     	---} 1-0

[Event "45th FIDE Olympiad 2024"]
[Site "Budapest"]
[Date "2024.09.13"]
[Round "3.46"]
[White "Oscar, Naranjo Gonzalez"]
[Black "Hassuji, Nurdin"]
[Result "1-0"]
[ECO "C77"]
[WhiteElo "1861"]
[BlackElo "1847"]
[Annotator "NA RC"]
[PlyCount "51"]
[EventDate "2024.09.05"]
[EventType "team-tourn"]
[EventCountry "HUN"]
[SourceTitle "playchess.com"]
[Source "ChessBase"]
[SourceQuality "1"]
[WhiteTeam "Equatorial Guinea"]
[BlackTeam "Tanzania"]
[BlackTeamCountry "TAN"]
[TimeControl "40/5400+30:1800+30"]

1. e4 e5 2. Nf3 Nc6 3. Bb5 a6 4. Ba4 Nf6 5. Qe2 b5 6. Bb3 Be7 7. a4 Rb8 8. axb5 axb5 9. Nc3 b4 10. Nd5 O-O 11. O-O Nd4 12. Nxd4 exd4 13. d3 Bb7 14. Nxe7+ Qxe7 15. Bg5 d6 16. f4 Rfe8 17. h3 Bc8 18. Qf2 Qf8 19. Rae1 Be6 20. e5 dxe5 21. fxe5 Nd7 22. Ba4 c5 23. Qg3 Kh8 24. Rf4 Kg8 25. Rh4 Kh8 26. Bc6 1-0

[Event "45th FIDE Olympiad 2024"]
[Site "Budapest"]
[Date "2024.09.13"]
[Round "3.47"]
[White "Miranda Mesa, Elier"]
[Black "Vallejo Pons, Francisco"]
[Result "1/2-1/2"]
[ECO "B72"]
[WhiteElo "2512"]
[BlackElo "2657"]
[Annotator "TA"]
[PlyCount "69"]
[EventDate "2024.09.05"]
[EventType "team-tourn"]
[EventCountry "HUN"]
[SourceTitle "playchess.com"]
[Source "ChessBase"]
[SourceQuality "1"]
[WhiteTeam "Cuba"]
[BlackTeam "Spain"]
[WhiteTeamCountry "CUB"]
[BlackTeamCountry "ESP"]
[TimeControl "40/5400+30:1800+30"]

1. e4 c5 2. Nf3 Nc6 3. d4 cxd4 4. Nxd4 Nf6 5. Nc3 d6 6. Be2 g6 7. Be3 Bg7 8. Qd2 Ng4 9. Bxg4 Bxg4 10. f3 {[%emt 0:00:52] [#] Threatens to win with Nxc6.} Be6 11. Nxe6 fxe6 12. Bh6 Bf6 13. Bg5 Be5 14. Nd1 Qb6 15. Be3 Qa6 16. Qe2 Rb8 (16... Qxe2+ {simplifies} 17. Kxe2 b5 18. c3 a5) 17. c3 d5 (17... Qxe2+ {simplifies} 18. Kxe2 b5 19. a3 a5) 18. Nf2 d4 {[%emt 0:04:59] The position is equal.} 19. cxd4 Nxd4 20. Bxd4 (20. Qxa6 {feels hotter.} Nc2+ 21. Kd2 bxa6 22. Rab1) 20... Bxd4 21. Qxa6 bxa6 22. Nd3 Bxb2 23. Rb1 Bc3+ 24. Ke2 Kf7 25. Rhc1 {[%emt 0:02:04] [#] Strongly threatening Rxb8.} Bd4 26. Rxb8 Rxb8 $11 {[%emt 0:00:03][%mdl 4096] Endgame. KRB-KRN} 27. Rc4 e5 28. f4 Rb5 29. fxe5 Bxe5 30. a4 Ra5 31. h3 Bd6 32. Ke3 h5 33. Kf3 Rg5 34. g4 Ra5 35. h4 {[%emt 0:03:07] An interesting draw.   Weighted Error Value: White=0.04 (flawless) /Black=0.06 (flawless) .  Inaccurate:     	White=1     	Black=1      OK:         	White=16    	Black=5      Best:        	White=2     	---} 1/2-1/2

[Event "45th FIDE Olympiad 2024"]
[Site "Budapest"]
[Date "2024.09.13"]
[Round "3.47"]
[White "Lusako, Shedrack"]
[Black "Angel, Estanislao Gatjens C"]
[Result "1/2-1/2"]
[ECO "D02"]
[WhiteElo "1760"]
[BlackElo "1849"]
[Annotator "NA RC"]
[PlyCount "118"]
[EventDate "2024.09.05"]
[EventType "team-tourn"]
[EventCountry "HUN"]
[SourceTitle "playchess.com"]
[Source "ChessBase"]
[SourceQuality "1"]
[WhiteTeam "Tanzania"]
[BlackTeam "Equatorial Guinea"]
[WhiteTeamCountry "TAN"]
[TimeControl "40/5400+30:1800+30"]

1. Nf3 d5 2. d4 c6 3. Bf4 Bf5 4. e3 e6 5. Bd3 Bxd3 6. Qxd3 Qa5+ 7. Nbd2 Qa6 8. c4 Nf6 9. O-O Nbd7 10. Qc2 Be7 11. Ne5 O-O 12. Nxd7 Nxd7 13. c5 Qa5 14. b4 Qd8 15. a4 Bf6 16. Bd6 Re8 17. Nf3 e5 18. Rab1 e4 19. Nd2 Be7 20. Bg3 Bh4 21. Bd6 Be7 22. b5 Bxd6 23. bxc6 Bxh2+ 24. Kxh2 Qh4+ 25. Kg1 bxc6 26. f3 f5 27. fxe4 fxe4 28. Rf4 Qg3 29. Nf1 Qg5 30. Rb7 Nf6 31. a5 h5 32. Qf2 Reb8 33. Qb2 Rf8 34. Qf2 Rfb8 35. Qb2 Rc8 36. Qf2 Qg6 37. Qg3 Qxg3 38. Nxg3 Rcb8 39. Rc7 Rc8 40. Rb7 Rab8 41. Rxa7 Ra8 42. Re7 Rxa5 43. Nf5 Ng4 44. Rxg7+ Kh8 45. Rg5 Ra1+ 46. Rf1 Rxf1+ 47. Kxf1 Nf6 48. Ng3 Rg8 49. Rxg8+ Kxg8 50. Nf5 Kf7 51. Nd6+ Ke6 52. Nb7 Kd7 53. Na5 Ng4 54. Ke2 h4 55. Nb7 Nh6 56. Na5 Nf5 57. Kf2 Kc7 58. Nb3 Kb7 59. Na5+ Kc7 1/2-1/2

[Event "45th FIDE Olympiad 2024"]
[Site "Budapest"]
[Date "2024.09.13"]
[Round "3.48"]
[White "Pichot, Alan"]
[Black "Almeida Quintana, Omar"]
[Result "1-0"]
[ECO "C41"]
[WhiteElo "2628"]
[BlackElo "2492"]
[Annotator "TA"]
[PlyCount "57"]
[EventDate "2024.09.05"]
[EventType "team-tourn"]
[EventCountry "HUN"]
[SourceTitle "playchess.com"]
[Source "ChessBase"]
[SourceQuality "1"]
[WhiteTeam "Spain"]
[BlackTeam "Cuba"]
[WhiteTeamCountry "ESP"]
[BlackTeamCountry "CUB"]
[TimeControl "40/5400+30:1800+30"]

1. e4 d6 2. d4 Nf6 3. Nc3 e5 4. Nf3 Nbd7 5. Rg1 c6 6. g4 h6 7. Be3 b5 8. a3 {[%emt 0:02:39] White is slightly better.} Bb7 9. h4 h5 10. gxh5 Rxh5 {[%emt 0:02:56] [#]} 11. Bh3 (11. Rg5 $1 $16) 11... g6 (11... exd4 $1 $11 {is superior.} 12. Bxd4 (12. Qxd4 Ne5 $11) 12... Ne5) 12. Rg5 {[%emt 0:07:51] White is more active.} Be7 {[%emt 0:09:56] Black is now going downhill.} 13. Rxh5 Nxh5 14. Bxd7+ Qxd7 15. dxe5 O-O-O ({Black should play} 15... a5) 16. Qe2 ({Don't play} 16. Bxa7 $6 Qh3 17. e6 fxe6 $11) 16... dxe5 17. Nxe5 (17. Bxa7 $2 {too greedy.} Nf4 18. Rd1 Nxe2 $19) 17... Qe6 18. Nd3 Bxh4 19. Bxa7 Qh3 (19... Nf6 $142 20. O-O-O Nd7) 20. O-O-O $18 Bg5+ 21. Kb1 {[%emt 0:01:05] [#] And now Bb6 would win.} Nf4 22. Qd2 Ne6 (22... Qf3 $142 23. Qe3 Qxe3 24. Bxe3 Ne6 25. Bxg5 Nxg5) 23. f4 Bh6 24. Bb6 Rd7 (24... Bxf4 {was necessary.} 25. Nxf4 Rxd2 26. Nxh3 Rxd1+ 27. Nxd1 c5) 25. Qf2 {[%emt 0:02:30] White is clearly winning.} Bg7 26. f5 gxf5 27. exf5 Ng5 28. Re1 Qh8 {[%emt 0:04:02] Repels Re8+} 29. Qe3 {[%emt 0:00:20] Weighted Error Value: White=0.13 (very precise) /Black=0.43.  Mistake:       	White=1     	Black=5      Inaccurate:     	---       	Black=3      OK:         	White=10    	Black=3      Best:        	White=3     	Black=1} 1-0

[Event "45th FIDE Olympiad 2024"]
[Site "Budapest"]
[Date "2024.09.13"]
[Round "3.49"]
[White "Vachier-Lagrave, Maxime"]
[Black "Kadric, Denis"]
[Result "1/2-1/2"]
[ECO "C42"]
[WhiteElo "2731"]
[BlackElo "2553"]
[Annotator "TA"]
[PlyCount "53"]
[EventDate "2024.09.05"]
[EventType "team-tourn"]
[EventCountry "HUN"]
[SourceTitle "playchess.com"]
[Source "ChessBase"]
[SourceQuality "1"]
[WhiteTeam "France"]
[BlackTeam "Montenegro"]
[WhiteTeamCountry "FRA"]
[BlackTeamCountry "MNE"]
[TimeControl "40/5400+30:1800+30"]

1. e4 e5 2. Nf3 Nf6 3. Nxe5 d6 4. Nf3 Nxe4 5. d4 d5 6. Bd3 Be7 7. O-O Nc6 8. Nbd2 Bf5 9. Re1 Nxd2 10. Qxd2 ({Reject} 10. Bxf5 Nxf3+ 11. gxf3 (11. Qxf3 Nxd4 12. Qh3 Nxf5 $17) 11... O-O $11) 10... Bxd3 11. Qxd3 O-O {[%emt 0:00:03] White is slightly better.} 12. Re2 a6 13. Bf4 Qd7 14. h4 {[%emt 0:09:04][%cal Bh2h4,Bh4h5,Bh5h6][%mdl 32] White is more active.} Rae8 15. h5 Bd8 16. Rxe8 Rxe8 17. h6 Re4 18. Be3 g6 19. c4 Be7 20. Rc1 f6 21. g3 Bf8 22. Nd2 Re8 {[%emt 0:07:06] The position is equal.} 23. Qb3 $1 Na5 24. Qc3 Nc6 25. Qb3 $1 Na5 26. Qc3 Nc6 27. Qb3 $1 {[%emt 0:00:48][%csl LRb7,LRd5] Weighted Error Value: White=0.08 (flawless) /Black=0.07 (flawless) .  Inaccurate:     	White=2     	Black=1      OK:         	White=6     	Black=9      Strong:       	White=3     	---} 1/2-1/2

[Event "45th FIDE Olympiad 2024"]
[Site "Budapest"]
[Date "2024.09.13"]
[Round "3.49"]
[White "Morazo, John Ranel"]
[Black "Murphy, Jones"]
[Result "1-0"]
[ECO "D01"]
[WhiteElo "2200"]
[BlackElo "2021"]
[Annotator "RC"]
[PlyCount "47"]
[EventDate "2024.09.05"]
[EventType "team-tourn"]
[EventCountry "HUN"]
[SourceTitle "playchess.com"]
[Source "ChessBase"]
[SourceQuality "1"]
[WhiteTeam "Palau"]
[BlackTeam "Dominica"]
[WhiteTeamCountry "PAL"]
[BlackTeamCountry "DMA"]
[TimeControl "40/5400+30:1800+30"]

1. d4 Nf6 2. Nc3 d5 3. Bg5 Nbd7 4. f3 c6 5. e4 dxe4 6. fxe4 Qa5 7. e5 Nxe5 8. Bxf6 exf6 9. dxe5 fxe5 10. Bc4 Bb4 11. Qf3 O-O 12. Nge2 e4 13. Qf4 Kh8 14. O-O-O b5 15. Bb3 f5 16. h4 Qb6 17. h5 h6 18. Qe5 Bc5 19. Kb1 Be3 20. Rd6 a5 21. Nd5 Qc5 22. Ne7 Kh7 23. Ng6 Rf6 24. Bg8+ 1-0

[Event "45th FIDE Olympiad 2024"]
[Site "Budapest"]
[Date "2024.09.13"]
[Round "3.50"]
[White "Petrov, Nikita"]
[Black "Maurizzi, Marc`andria"]
[Result "1-0"]
[ECO "E94"]
[WhiteElo "2574"]
[BlackElo "2595"]
[Annotator "RC"]
[PlyCount "85"]
[EventDate "2024.09.05"]
[EventType "team-tourn"]
[EventCountry "HUN"]
[SourceTitle "playchess.com"]
[Source "ChessBase"]
[SourceQuality "1"]
[WhiteTeam "Montenegro"]
[BlackTeam "France"]
[WhiteTeamCountry "MNE"]
[BlackTeamCountry "FRA"]
[TimeControl "40/5400+30:1800+30"]

1. Nf3 Nf6 2. c4 g6 3. Nc3 Bg7 4. e4 d6 5. d4 O-O 6. Be2 e5 7. O-O Na6 8. Be3 c6 9. d5 Ng4 10. Bg5 f6 11. Bd2 c5 12. Ne1 Nh6 13. Nd3 Nf7 14. a3 b6 15. Rb1 Nc7 16. b4 f5 17. a4 a5 18. bxc5 bxc5 19. exf5 gxf5 20. Nb5 Na6 21. f4 e4 22. Nf2 Nb4 23. Rb3 Kh8 24. g4 Bd7 25. Kh1 Bxb5 26. axb5 a4 27. Ra3 Qe7 28. Be3 fxg4 29. Bxg4 Nh6 30. Be6 Nf5 31. Bxf5 Rxf5 32. Rxa4 Rg8 33. Rg1 Rff8 34. b6 Ra8 35. Rxa8 Rxa8 36. Qb1 Ra3 37. Bc1 e3 38. Qe4 Qxe4+ 39. Nxe4 Ra6 40. b7 Rb6 41. Nxd6 e2 42. Bb2 Bxb2 43. Nf7# 1-0

[Event "45th FIDE Olympiad 2024"]
[Site "Budapest"]
[Date "2024.09.13"]
[Round "3.50"]
[White "Bridet, Robert"]
[Black "Tan, Santiago Jr"]
[Result "1/2-1/2"]
[ECO "B11"]
[WhiteElo "1697"]
[BlackElo "1903"]
[Annotator "NA RC"]
[PlyCount "117"]
[EventDate "2024.09.05"]
[EventType "team-tourn"]
[EventCountry "HUN"]
[SourceTitle "playchess.com"]
[Source "ChessBase"]
[SourceQuality "1"]
[WhiteTeam "Dominica"]
[BlackTeam "Palau"]
[WhiteTeamCountry "DMA"]
[BlackTeamCountry "PAL"]
[TimeControl "40/5400+30:1800+30"]

1. e4 c6 2. Nf3 d5 3. Nc3 dxe4 4. Nxe4 Bf5 5. Ng3 Bg6 6. Ne5 Nf6 7. Nxg6 hxg6 8. Bc4 e6 9. d3 Be7 10. Bd2 Nbd7 11. Bc3 a5 12. a4 Qc7 13. h3 Nb6 14. Bb3 Nbd5 15. Ne2 Rd8 16. Bxd5 cxd5 17. Nd4 b6 18. Nb5 Qb8 19. Qe2 O-O 20. Be5 Qb7 21. O-O Rc8 22. c3 Rfd8 23. Rfe1 Bf8 24. Qf3 Ne8 25. Bg3 Qd7 26. Re2 Nd6 27. Nd4 Nf5 28. Nxf5 gxf5 29. Qe3 Qc6 30. Bh4 Re8 31. Qf4 f6 32. Qd2 Bd6 33. f4 e5 34. Bg3 e4 35. d4 Kf7 36. Re3 Qc7 37. Qf2 Rh8 38. Rf1 Qc4 39. Qc2 Qxd4 40. Qe2 Qxa4 41. Kh1 Qc4 42. Qd1 a4 43. Rf2 Bc5 44. Rfe2 Bxe3 45. Rxe3 g6 46. Bf2 Ke6 47. Rg3 Rhg8 48. Bxb6 Rb8 49. Ba5 Rxb2 50. Bb4 Qa2 51. Qd4 Qc4 52. Qb6+ Kd7 53. Qd6+ Kc8 54. Qe6+ Kb7 55. Qxg8 Qf1+ 56. Kh2 Rxg2+ 57. Rxg2 Qxf4+ 58. Kh1 Qf1+ 59. Kh2 1/2-1/2

[Event "45th FIDE Olympiad 2024"]
[Site "Budapest"]
[Date "2024.09.13"]
[Round "3.51"]
[White "Fressinet, Laurent"]
[Black "Djukic, Nikola"]
[Result "1/2-1/2"]
[ECO "E52"]
[WhiteElo "2616"]
[BlackElo "2515"]
[Annotator "RC"]
[PlyCount "67"]
[EventDate "2024.09.05"]
[EventType "team-tourn"]
[EventCountry "HUN"]
[SourceTitle "playchess.com"]
[Source "ChessBase"]
[SourceQuality "1"]
[WhiteTeam "France"]
[BlackTeam "Montenegro"]
[WhiteTeamCountry "FRA"]
[BlackTeamCountry "MNE"]
[TimeControl "40/5400+30:1800+30"]

1. d4 Nf6 2. c4 e6 3. Nf3 d5 4. Nc3 Bb4 5. e3 O-O 6. Bd2 b6 7. cxd5 exd5 8. Bd3 Bd6 9. O-O Bb7 10. Rc1 c5 11. Nb5 Be7 12. Ne5 a6 13. Nc3 Nc6 14. Nxc6 Bxc6 15. dxc5 bxc5 16. Ne2 Qb6 17. Bc3 Rfd8 18. Ng3 g6 19. Qe1 a5 20. Qe2 a4 21. Rfd1 Bd7 22. Qe1 Be6 23. Ne2 Nh5 24. Bc2 Bg5 25. Rb1 Ng7 26. b4 axb3 27. axb3 Ra2 28. Rb2 Rda8 29. Rxa2 Rxa2 30. Ra1 Qa7 31. Bb2 Ne8 32. Rxa2 Qxa2 33. Qa1 Qxa1+ 34. Bxa1 1/2-1/2

[Event "45th FIDE Olympiad 2024"]
[Site "Budapest"]
[Date "2024.09.13"]
[Round "3.51"]
[White "Salvadora, Angelo"]
[Black "Francis, Nigel"]
[Result "0-1"]
[ECO "B30"]
[WhiteElo "1812"]
[BlackElo "1775"]
[Annotator "NA"]
[PlyCount "54"]
[EventDate "2024.09.05"]
[EventType "team-tourn"]
[EventCountry "HUN"]
[SourceTitle "playchess.com"]
[Source "ChessBase"]
[SourceQuality "1"]
[WhiteTeam "Palau"]
[BlackTeam "Dominica"]
[WhiteTeamCountry "PAL"]
[BlackTeamCountry "DMA"]
[TimeControl "40/5400+30:1800+30"]

1. e4 c5 2. Nf3 Nc6 3. Bc4 e6 4. d3 d5 5. exd5 exd5 6. Bb3 Nf6 7. O-O Be7 8. Re1 O-O 9. Nc3 d4 10. Ne4 b6 11. Bg5 Nxe4 12. Bxe7 Nxe7 13. Rxe4 Bb7 14. Re5 Nc6 15. Rf5 Na5 16. Ng5 Nxb3 17. axb3 g6 18. Re5 f6 19. Ne6 Qd6 20. Re2 Rfe8 21. Qe1 Kf7 22. Nf4 Qxf4 23. Rxe8 Rxe8 24. Qf1 a5 25. c3 Re5 26. b4 Bxg2 27. Qd1 Rg5 0-1